 Dungeon Crawl Stone Soup version 0.21-a0-426-g98080a9 (webtiles) character file.

132 ReploidZero the Conjurer (level 4, -7/24 HPs)
             Began as a Deep Elf Conjurer on Nov 7, 2017.
             Mangled by an iguana (14 damage)
             ... on level 4 of the Dungeon.
             The game lasted 00:04:48 (2517 turns).

ReploidZero the Conjurer (Deep Elf Conjurer)        Turns: 2517, Time: 00:04:49

Health: -7/24      AC:  3    Str:  5    XL:     4   Next: 92%
Magic:  6/12       EV: 13    Int: 21    God:
Gold:   168        SH:  0    Dex: 15    Spells: 7/11 levels left

rFire    . . .     SeeInvis .   (no weapon)
rCold    . . .     Gourm    .   (no shield)
rNeg     . . .     Faith    .   a - +1 robe
rPois    .         Spirit   .   (no helmet)
rElec    .         Reflect  .   (no cloak)
rCorr    .         Harm     .   (no gloves)
MR       .....                  (no boots)
Stlth    ++........             (no amulet)
HPRegen  0.08/turn              (no ring)
MPRegen  0.13/turn              (no ring)

@: no status effects
A: no striking features
a: no special abilities


You were on level 4 of the Dungeon.
You were not hungry.

You visited 1 branch of the dungeon, and saw 4 of its levels.

You collected 168 gold pieces.

Inventory:

Armour
 a - a +1 robe (worn)
Jewellery
 n - an uncursed ring of fire {unknown}
 s - an uncursed amulet of harm {unknown}
Wands
 f - a wand of random effects (20/48)
 t - a wand of disintegration (14/24)
Scrolls
 i - a scroll of enchant armour
 o - a scroll of identify
 q - a scroll of remove curse
Potions
 e - a potion of might
 g - 2 potions of ambrosia {unknown}
 h - a potion of haste {unknown}
 j - a potion of mutation {unknown}
 k - a potion of heal wounds {unknown}
 l - 2 potions of degeneration {unknown}
 m - a potion of agility {unknown}
 p - a potion of curing {unknown}
 u - a potion of cancellation {unknown}
Books
 b - a book of Conjurations

   Spells                             Type                      Level
   a - Magic Dart                     Conjuration                  1
   b - Searing Ray                    Conjuration                  2
   c - Dazzling Spray                 Conjuration/Hexes            3
   d - Fulminant Prism                Conjuration/Hexes            4
   e - Force Lance                    Conjuration/Translocation    4
   f - Iskenderun's Mystic Blast      Conjuration                  4
Comestibles
 c - 3 bread rations
 d - 2 fruits
 r - a chunk of flesh


   Skills:
 - Level 2.4 Dodging
 - Level 2.4 Stealth
 + Level 4.4 Spellcasting
 * Level 6.0 Conjurations
 + Level 2.0 Hexes


You had 7 spell levels left.
You knew the following spells:

 Your Spells              Type           Power        Failure   Level  Hunger
a - Magic Dart            Conj           ####         1%          1    None
b - Dazzling Spray        Conj/Hex       ###...       6%          3    ##.....


Dungeon Overview and Level Annotations

Branches:
Dungeon (4/15)
 Temple: D:4-7

Altars:
Fedhas


Message History

Casting: Magic Dart
Confirm with . or Enter, or press ? or * to list all spells.
Aiming: Magic Dart
Press: ? - help, Shift-Dir - straight line, f/p - iguana
Aim: an iguana (heavily wounded)
The magic dart hits the iguana.
The iguana is heavily wounded.
The iguana misses you.
A hound comes into view.
Casting: Magic Dart
Confirm with . or Enter, or press ? or * to list all spells.
Aiming: Magic Dart
Press: ? - help, Shift-Dir - straight line, f/p - iguana
Aim: an iguana (heavily wounded)
The magic dart hits the iguana.
The iguana is heavily wounded.
The hound barks!
You hear a shout!
The iguana bites you!
Ouch! That really hurt!
You die...

.... ... .... #.#
...#####.#####
............# #
#..........# ...
#..........#
.....#.>........#
.....?l@.......<#
._.....####.#####
....... ...#
....... ##..#
...##.. #..# .h
... #..# . ####
...# #.##


You could see an iguana and a hound.

Vanquished Creatures
  A scorpion (D:2)
  3 adders
  3 worms
  A dart slug (D:2)
  3 leopard geckos (D:3)
  A ball python (D:3)
  4 bats
  4 giant cockroaches
  3 goblins
  7 hobgoblins
  7 frilled lizards
  5 kobolds
  5 rats
47 creatures vanquished.

Notes
Turn   | Place    | Note
-------+----------+-------------------------------------------
     0 | D:1      | ReploidZero the Deep Elf Conjurer began the quest for the Orb.
     0 | D:1      | Reached XP level 1. HP: 10/10 MP: 6/6
   286 | D:1      | Reached XP level 2. HP: 15/15 MP: 6/8
   892 | D:2      | Reached skill level 5 in Conjurations
  1040 | D:2      | Reached XP level 3. HP: 19/19 MP: 5/10
  1058 | D:2      | Learned a level 3 spell: Dazzling Spray
  1613 | D:3      | Reached skill level 1 in Hexes
  1719 | D:3      | Reached XP level 4. HP: 24/24 MP: 7/12
  2353 | D:2      | Reached skill level 6 in Conjurations
  2510 | D:4      | Found a blossoming altar of Fedhas.
  2517 | D:4      | Mangled by an iguana

Vault maps used:
D:1:      dpeg_arrival_prison
D:2:      palyth_stone_intersect
D:4:      grunt_temple_overflow_opulence, grunt_temple_overflow_open,
          grunt_qazlal_clouds, zin_academy, first_bread, uniq_ijyb,
          uniq_duvessa, uniq_pikel

Skill      XL: |  1  2  3  4 |
---------------+-------------+-----
Conjurations   | 5 6 |  6.0
Hexes          | 1 2 |  2.0
Spellcasting   | 4 |  4.4
Dodging        | |  2.4
Stealth        | |  2.4

Action                   |  1- 3 |  4- 6 || total
-------------------------+-------+-------++-------
 Cast: Magic Dart        |    63 |    40 ||   103
       Dazzling Spray    |       |     2 ||     2
  Use: Scroll            |     5 |       ||     5
  Eat: Chunk             |     2 |     1 ||     3
       Meat ration       |       |     1 ||     1
Armor: Robe              |       |     1 ||     1
Dodge: Dodged            |       |     7 ||     7

Table legend:
 A = Spawn XP
 B = Non-spawn XP
 C = Spawn XP percentage of total XP
 D = Spawn monster count
 E = Non-spawn monster count
 F = Spawn count percentage of total count
 G = Total turns spent on level
                    A         B        C        D         E        F      G
               +---------+---------+-------+---------+---------+-------+---------
         Total |       0 |     189 |   0.0 |       0 |      47 |   0.0 |  2517
               +---------+---------+-------+---------+---------+-------+---------
           D:1 |       0 |      21 |   0.0 |       0 |      13 |   0.0 |   859
           D:2 |       0 |     105 |   0.0 |       0 |      13 |   0.0 |   835
           D:3 |       0 |      62 |   0.0 |       0 |      20 |   0.0 |   713
           D:4 |       0 |       1 |   0.0 |       0 |       1 |   0.0 |   110
               +---------+---------+-------+---------+---------+-------+---------
